 Dungeon Crawl Stone Soup version 0.28.0-43-g3370ac3207 (webtiles) character file.

Game seed: 10355437873064162877

70 jimonade the Caller (level 4, -4/46 HPs)
             Began as a Merfolk Summoner on Mar 11, 2022.
             Slain by an orc wizard
             ... wielding a +2 dagger of venom
              (6 damage)
             ... on level 3 of the Dungeon.
             The game lasted 00:12:59 (2745 turns).

jimonade the Caller (Merfolk Summoner)              Turns: 2745, Time: 00:12:59

Health: -4/46      AC:  3    Str:  8    XL:     4   Next: 21%
Magic:  6/7        EV: 13    Int: 14    God:
Gold:   105        SH:  0    Dex: 16    Spells: 5/8 levels left

rFire   . . .      SeeInvis .   l - +2 whip (elec)
rCold   . . .      Faith    .   (no shield)
rNeg    . . .      Spirit   .   a - +0 robe
rPois   .          Reflect  .   o - +0 helmet
rElec   .          Harm     .   (no cloak)
rCorr   .          Rampage  .   (no gloves)
Will    .....                   (no boots)
Stlth   ..........              (no amulet)
HPRegen 0.15/turn               (no ring)
MPRegen 0.10/turn               (no ring)

@: berserking, lethally poisoned (-4 -> -18), very quick
A: (nimble swimmer 2), mertail, thin skeletal structure 1, dopey 1, wild magic 1
a: no special abilities


You were on level 3 of the Dungeon.
You visited 1 branch of the dungeon, and saw 3 of its levels.

You collected 105 gold pieces.

Inventory:

Hand Weapons
 c - a +0 whip
 f - a +0 dagger
 h - a +1 vorpal war axe
 i - a +0 club
 l - a +2 whip of electrocution (weapon)
 t - a +1 whip of freezing
Missiles
 k - 74 stones
 s - 21 arrows
Armour
 a - a +0 robe (worn)
 b - a +0 robe
 o - a +0 helmet (worn)
 r - a +0 chain mail
Jewellery
 p - a ring of protection from fire
Scrolls
 e - a scroll of identify {unknown}
 n - a scroll of immolation {unknown}
 q - a scroll of vulnerability {unknown}
Potions
 d - a potion of might {unknown}
 g - a potion of curing {unknown}
 m - a potion of mutation


   Skills:
 * Level 0.8 Fighting
 * Level 0.5 Maces & Flails
 * Level 0.4 Armour
 - Level 2.6 Dodging
 - Level 2.1 Stealth
 * Level 2.6 Spellcasting
 * Level 4.8 Summonings


You had 5 spell levels left.
You knew the following spells:

 Your Spells              Type           Power      Damage    Failure   Level
a - Summon Small Mammal   Summ           80%        N/A       5%          1
b - Call Imp              Summ           20%        N/A       8%          2

Your spell library contained the following spells:

 Spells                   Type           Power      Damage    Failure   Level
 Call Canine Familiar     Summ           20%        N/A       13%         3
 Slow                     Hex            8%         N/A       30%         1
 Summon Guardian Golem    Hex/Summ       11%        N/A       32%         3
 Confusing Touch          Hex            2%         N/A       65%         3
 Vampiric Draining        Necr           2%         2d6       65%         3
 Summon Lightning Spire   Summ/Air       11%        N/A       71%         4


Dungeon Overview and Level Annotations

Branches:
Dungeon (3/15)

Altars:


Innate Abilities, Weirdness & Mutations

((You are very nimble when in or above water. (Stealth+, EV+, Speed+++)))
Your lower body shifts to a powerful aquatic tail in water.
You have a somewhat thin skeletal structure. (Dex +2, Stealth+)
You are dopey. (Int -2)
Your spells are a little harder to cast, but a little more powerful.


Message History

Attack!
The orc wizard gestures wildly while chanting.
The orc wizard flickers and vanishes!
Something hits your iron imp.
Your iron imp disappears in a puff of smoke!
Something hits you.
You miss something.
You hear some strange, mumbled words.
You are confused.
You're too confused to move!
Something hits you.
You are poisoned.
You bump into the rock wall.
You feel very sick. Something completely misses you.
You're too confused to cast spells.
You miss something.
You feel sick. Something hits you.
You are lethally poisoned!
You are too confused!
It was a potion of mutation.
You feel extremely strange.
You feel less in control of your magic.
You feel stupid.
Your bones become slightly less dense.
You feel very sick. Something hits you.
It was a potion of berserk rage.
A red film seems to cover your vision as you go berserk!
You feel yourself moving faster!
You feel mighty!
* * * LOW HITPOINT WARNING * * *
You feel very sick. Something hits you.
* * * LOW HITPOINT WARNING * * *
You are more poisoned.
You miss something.
* * * LOW HITPOINT WARNING * * *
You feel very sick.
You completely miss something.
You feel less confused.
* * * LOW HITPOINT WARNING * * *
You feel very sick. Something hits you.
You die...

. #.. l.. # ..
#.# ..#.##### ...
#.###.#......
.... #.##?......(
..... #.##..#<..
......###.##..#.#
......))..§.†...#
......##{###..###
##.#..##@###.##
#.........#
........#.#<#
..$.##..#.#.# ...
........# ..
.#####.### # #
..# ####


There were no monsters in sight!

Vanquished Creatures
  2 adders
  An orc (D:3)
  2 giant cockroaches (D:2)
  2 goblins
  3 kobolds
  A rat (D:2)
11 creatures vanquished.

Vanquished Creatures (collateral kills)
  2 adders (D:2)
  2 orcs (D:3)
  An endoplasm (D:2)
  A giant cockroach (D:3)
  4 goblins (D:1)
  A hobgoblin (D:1)
  3 ball pythons
  2 bats
  6 kobolds
22 creatures vanquished.

Vanquished Creatures (others)
  3 fungi (D:2)
  A plant (D:2)
4 creatures vanquished.

Grand Total: 37 creatures vanquished

Notes
Turn   | Place    | Note
-------+----------+-------------------------------------------
     0 | D:1      | jimonade the Merfolk Summoner began the quest for the Orb.
     0 | D:1      | Reached XP level 1. HP: 13/13 MP: 3/3
   834 | D:1      | Reached XP level 2. HP: 19/19 MP: 3/5
   873 | D:1      | Learned a level 2 spell: Call Imp
  1783 | D:2      | Found a faded altar of an unknown god.
  1892 | D:2      | Reached XP level 3. HP: 25/25 MP: 4/6
  2573 | D:3      | Reached XP level 4. HP: 29/31 MP: 4/7
  2742 | D:3      | Gained mutation: Your spells are a little harder to cast,
                  | but a little more powerful. [potion of mutation]
  2742 | D:3      | Gained mutation: You are dopey. (Int -2) [potion of
                  | mutation]
  2742 | D:3      | Gained mutation: You have a somewhat thin skeletal
                  | structure. (Dex +2, Stealth+) [potion of mutation]
  2745 | D:3      | HP: 2/46 [poisoned by an orc wizard]
  2745 | D:3      | Slain by an orc wizard

Illustrated notes

Levels and vault maps discovered:
D:1:      dpeg_arrival_renting, layout_basic
D:2:      layout_loops_ring, dreamdust_ecumenical_altar_grove,
          grunt_ministairs_13
D:3:      layout_loops_cross, lemuel_blue_sif_altar, lightli_temple_of_fire,
          mainiacjoe_overflow_catwalk, chequers_serial_rivers_large_b,
          uniq_robin

Action                   |  1- 3 |  4- 6 || total
-------------------------+-------+-------++-------
Melee: Unarmed           |    12 |       ||    12
       Whip              |    32 |    10 ||    42
       War axe           |     2 |       ||     2
 Cast: Summon Small Mamm |     9 |       ||     9
       Call Imp          |    10 |     4 ||    14
  Use: Potion            |       |     2 ||     2
 Stab: Distracted        |     1 |     1 ||     2
Armor: Robe              |    18 |     3 ||    21
Dodge: Dodged            |    31 |     3 ||    34
